 Dungeon Crawl Stone Soup version 0.26-a0-720-g2a1d101370 (webtiles) character file.

Game seed: 5100828488294685358

95 Descartes the Sneak (level 4, 0/19 HPs)
             Began as a Felid Transmuter on Nov 2, 2020.
             Slain by a bullfrog (4 damage)
             ... in a sewer.
             The game lasted 00:05:32 (3211 turns).

Descartes the Sneak (Felid Transmuter)              Turns: 3211, Time: 00:05:32

Health: 0/19       AC:  1    Str:  7    XL:     4   Next: 40%
Magic:  7/8        EV: 19    Int: 16    God:
Gold:   128        SH:  0    Dex: 18    Spells: 4/7 levels left
                                        Lives:  0   Deaths: 1

rFire    . . .     SeeInvis +     - Unarmed
rCold    . . .     Faith    .   (shield unavailable)
rNeg     . . .     Spirit   .   (armour unavailable)
rPois    .         Reflect  .   (helmet unavailable)
rElec    .         Harm     .   (cloak unavailable)
rCorr    .         Rampage  .   (gloves unavailable)
MR       .....                  (boots unavailable)
Stlth    ++++......             (no amulet)
HPRegen  0.06/turn              (no ring)
MPRegen  0.11/turn              (no ring)

@: appendages, quick
A: very small, no armour, no weapons or thrown items, stealth, claws 1, fangs 3,
horns 2, see invisible, agile 1, clever 1, speed 1, screaming 1, shaggy fur 1,
sharp paws
a: End Transformation


You were in a sewer.
You had grown temporary horns.
You visited 1 branch of the dungeon, and saw 3 of its levels.
You also visited: Sewer.

You collected 128 gold pieces.

Inventory:

Missiles
 e - 95 stones
 j - 58 arrows
Jewellery
 f - an uncursed amulet of reflection {unknown}
Scrolls
 c - 3 scrolls of identify {unknown}
 i - a scroll of teleportation {unknown}
 k - a scroll of remove curse {unknown}
 m - a scroll of fog {unknown}
 n - a scroll of random uselessness {unknown}
Potions
 a - a potion of mutation
 b - a potion of curing
 d - a potion of brilliance {unknown}
 g - a potion of stabbing {unknown}
 h - a potion of cancellation {unknown}
 l - a potion of haste {unknown}


   Skills:
 - Level 1.0 Fighting
 + Level 4.0 Dodging
 + Level 5.2 Stealth
 + Level 3.7 Unarmed Combat
 - Level 2.0 Spellcasting
 - Level 2.1 Transmutations


You had 4 spell levels left.
You knew the following spells:

 Your Spells              Type           Power        Failure   Level
a - Beastly Appendage     Tmut           #.....       9%          1
b - Wereblood             Tmut           #.......     13%         2

Your spell library contained the following spells:

 Spells                   Type           Power        Failure   Level
 Spider Form              Tmut/Pois      #.........   36%         3
 Ice Form                 Ice/Tmut       #.......     78%         4
 Blade Hands              Tmut           #.........   93%         5


Dungeon Overview and Level Annotations

Branches:
Dungeon (3/15)              Sewer (1/1)

Altars:


Innate Abilities, Weirdness & Mutations

You cannot wear armour.
You are incapable of wielding weapons or throwing items.
Your paws allow you to move quietly. (Stealth)
You have sharp claws.
You have razor-sharp teeth.
You have supernaturally acute eyesight. (SInv)
You cover ground quickly.
You are covered in fur. (AC +1)
Your sharp claws are effective at attacking unaware monsters.
You have a pair of horns on your head.
You are agile. (Dex +2)
Your mind is acute. (Int +2)
You occasionally shout uncontrollably at your foes.


Message History

The bullfrog gives a loud, deep croak!
A bullfrog is nearby!
Casting: Beastly Appendage (safe; 9% risk of failure)
Confirm with . or Enter, or press ? or * to list all spells.
You grow a pair of large bovine horns.
The bullfrog misses you.
You claw the bullfrog! Your headbutt misses the bullfrog.
The bullfrog is moderately wounded.
The bullfrog barely misses you.
You barely miss the bullfrog.
The bullfrog is moderately wounded.
The bullfrog hits you! The bullfrog closely misses you.
You scratch the bullfrog.
The bullfrog is heavily wounded.
The bullfrog hits you!
* * * LOW HITPOINT WARNING * * *
You barely miss the bullfrog.
The bullfrog is heavily wounded.
The bullfrog hits you.
You die...

# ≈≈≈≈≈≈≈≈≈≈≈≈.# ### #
≈.$≈≈≈≈≈≈≈≈≈.# #.# #
.[$?≈≈≈≈≈≈≈≈.# #∩# #
..?.≈≈≈≈≈≈≈≈.# #.# #
≈..≈≈≈≈≈.≈≈≈.# #∩# #
≈≈≈≈≈≈≈≈.≈≈≈.# #.# #
≈≈≈≈≈≈≈≈.≈≈≈.# #.# #
≈≈≈≈≈≈≈F.≈≈≈.###†## #
≈≈≈≈≈≈≈#@≈≈≈.##.≈.# #
≈≈≈≈≈≈≈#.≈≈≈.##.≈≈# #
≈≈≈≈≈###.≈≈≈÷##≈≈.# # #####
#.≈≈≈.##.≈.# # #.≈≈≈≈##.≈≈#
# #≈≈≈≈.##≈≈≈#
################≈≈≈≈.##≈≈≈##
....≈≈.≈.≈≈.†..≈≈≈≈≈÷≈.≈≈..#
≈≈≈≈≈≈≈≈≈≈≈≈≈≈≈≈≈≈≈≈≈≈≈≈≈≈.#


You could see a bullfrog.

Vanquished Creatures
  5 adders
  3 oozes
  3 worms
  4 dart slugs
  3 leopard geckos
  8 giant cockroaches
  7 goblins
  3 hobgoblins (D:1)
  4 jackals (D:2)
  11 kobolds
  A quokka (D:3)
  4 ball pythons
  6 bats
  9 frilled lizards
  5 rats
76 creatures vanquished.

Vanquished Creatures (others)
  A plant (D:3)
1 creature vanquished.

Grand Total: 77 creatures vanquished

Notes
Turn   | Place    | Note
-------+----------+-------------------------------------------
     0 | D:1      | Descartes the Felid Transmuter began the quest for the Orb.
     0 | D:1      | Reached XP level 1. HP: 9/9 MP: 4/4
    32 | D:1      | Reached skill level 1 in Stealth
   189 | D:1      | Reached skill level 2 in Stealth
   259 | D:1      | Reached XP level 2. HP: 12/12 MP: 4/6
   339 | D:1      | Reached skill level 3 in Stealth
   758 | D:1      | Reached skill level 4 in Stealth
   913 | D:1      | Reached XP level 3. HP: 15/15 MP: 5/7
  1609 | D:2      | Learned a level 2 spell: Wereblood
  2302 | D:2      | Reached XP level 4. HP: 14/19 MP: 6/8
  2643 | D:3      | Found a glowing drain.
  2744 | D:3      | Gained mutation: Your mind is acute. (Int +2) [potion of
                  | mutation]
  2744 | D:3      | Gained mutation: You occasionally shout uncontrollably at
                  | your foes. [potion of mutation]
  2744 | D:3      | Gained mutation: You are agile. (Dex +2) [potion of
                  | mutation]
  2767 | D:3      | Succumbed to an adder's poison
  2768 | D:3      | Reached XP level 3. HP: 0/15 MP: 6/7
  2785 | D:3      | Reached skill level 5 in Stealth
  2787 | D:3      | Reached XP level 4. HP: 16/19 MP: 5/8
  2803 | Sewer    | Entered a sewer
  3205 | Sewer    | Noticed a bullfrog
  3211 | Sewer    | Slain by a bullfrog

Illustrated notes

Levels and vault maps discovered:
D:1:      sevenhm_arrival_forest_fort_large_4, layout_basic, minivault_26
D:2:      layout_loops_cross, serial_bayou_crossing
D:3:      corexii_shack_village, layout_basic, gup_sewer_entry_glass,
          uniq_crazy_yiuf_cottage
Sewer:    sewer_frog_island_01

Skill      XL: |  1  2  3  4 |
---------------+-------------+-----
Stealth        | 2 4 5 |  5.2
Dodging        | 3 4 |  4.0
Fighting       | |  1.0
Unarmed Combat | |  3.7
Spellcasting   | |  2.0
Transmutations | |  2.1

Action                   |  1- 3 |  4- 6 || total
-------------------------+-------+-------++-------
Melee: Unarmed           |    99 |    91 ||   190
       Headbutt          |    16 |    11 ||    27
       Bite              |     6 |     4 ||    10
 Cast: Beastly Appendage |    34 |    19 ||    53
       Wereblood         |     2 |     6 ||     8
  Use: Potion            |       |     2 ||     2
 Stab: Sleeping          |    12 |     4 ||    16
Armor: Skin              |     7 |     2 ||     9
Dodge: Dodged            |    75 |    76 ||   151

Table legend: (Time is in decaauts)
 A = Elapsed time spent in this place.
 B = Non-inter-level travel time spent in this place.
 C = Inter-level travel time spent in this place.
 D = Time resting spent in this place.
 E = Time spent auto-exploring this place.
 F = Levels seen in this place.
 G = Mean time per level.
                   A        B        C        D        E       F      G
               +--------+--------+--------+--------+--------+-----+--------+
         Total |   2919 |   2852 |     67 |     75 |   2197 |   4 |  729.8 |
       Dungeon |   2517 |   2450 |     67 |     75 |   1949 |   3 |  839.0 |
         Sewer |    402 |    402 |      0 |      0 |    248 |   1 |  402.0 |
               +--------+--------+--------+--------+--------+-----+--------+

Top non-repeatable levels by time:
     D:1: 1241 daAuts
     D:2: 1071 daAuts
   Sewer: 402 daAuts
     D:3: 205 daAuts
